 Dungeon Crawl Stone Soup version 0.22.3-3-g34f245f157 (webtiles) character file.

272 KarvaRausku the Chopper (level 6, -2/57 HPs)
             Began as a Hill Orc Berserker on July 16, 2020.
             Was a Priest of Trog.
             Killed by nerve-wracking pain
             ... invoked by Menkaure
              (6 damage)
             ... on level 4 of the Dungeon on July 18, 2020.
             The game lasted 00:07:45 (3212 turns).

KarvaRausku the Chopper (Hill Orc Berserker)        Turns: 3212, Time: 00:07:46

Health: -2/57      AC: 10    Str: 21    XL:     6   Next: 23%
Magic:  6/6        EV:  8    Int: 11    God:    Trog [***...]
Gold:   122        SH:  0    Dex: 10    Spells: 5/5 levels left

rFire    + . .     SeeInvis .   a - +0 hand axe
rCold    . . .     Gourm    .   (no shield)
rNeg     . . .     Faith    .   f - +0 chain mail
rPois    .         Spirit   .   (no helmet)
rElec    .         Reflect  .   n - scarf {repulsion}
rCorr    .         Harm     .   h - +1 pair of gloves
MR       .....                  (no boots)
Stlth    ..........             (no amulet)
HPRegen  0.19/turn              e - ring of protection from fire
MPRegen  0.10/turn              g - +3 ring of intelligence

@: repel missiles
A: no striking features
a: Berserk, Trog's Hand, Renounce Religion


You were on level 4 of the Dungeon.
You worshipped Trog.
Trog was most pleased with you.
You were hungry.

You visited 1 branch of the dungeon, and saw 4 of its levels.

You collected 122 gold pieces.

Inventory:

Hand Weapons
 a - a +0 hand axe (weapon)
 d - a +0 hand axe
 y - a +3 flail
Missiles
 k - 38 arrows
Armour
 b - a +0 animal skin
 f - a +0 chain mail (worn)
 h - a +1 pair of gloves (worn)
 n - a scarf of repulsion (worn)
Jewellery
 e - a ring of protection from fire (left hand)
 g - a +3 ring of intelligence (right hand)
Wands
 t - a wand of acid (7)
Scrolls
 i - 3 scrolls of identify {unknown}
 m - 2 scrolls of remove curse {unknown}
 o - 2 scrolls of fear {unknown}
 p - a scroll of teleportation {unknown}
 v - a scroll of magic mapping {unknown}
 x - 2 scrolls of enchant weapon {unknown}
Potions
 j - a potion of agility {unknown}
 l - a potion of curing {unknown}
 q - a potion of berserk rage {unknown}
 r - a potion of resistance
 s - a potion of ambrosia {unknown}
 u - 2 potions of might {unknown}
 w - a potion of degeneration {unknown}
Comestibles
 c - 5 rations


   Skills:
 + Level 6.3 Fighting
 + Level 6.9 Axes
 - Level 2.1 Armour
 - Level 1.5 Dodging


You had 5 spell levels left.
You didn't know any spells.
Your spell library was empty.

Dungeon Overview and Level Annotations

Branches:
Dungeon (4/15)
 Temple: D:4-7

Altars:
Ashenzari
Cheibriados
Gozag
Trog
Wu Jian

Annotations:
D:3 3 runed doors, Meegle's ghost, weakling HuSu
D:4 Menkaure


Message History

You are too injured to fight recklessly!
You are too injured to fight recklessly!
You hit Menkaure but do no damage.
Menkaure is heavily damaged.
Menkaure barely misses you.
You hit Menkaure.
Menkaure is heavily damaged.
Menkaure barely misses you. Menkaure completely misses you.
Your chain mail prevents you from hitting Menkaure.
Menkaure is heavily damaged.
Menkaure closely misses you.
You hit Menkaure but do no damage.
Menkaure is heavily damaged.
Menkaure hits you!
* * * LOW HITPOINT WARNING * * *
Your chain mail prevents you from hitting Menkaure.
Menkaure is heavily damaged.
Menkaure points at you and mumbles some strange words.
Pain shoots through your body!
You die...

+........[)..[........
#.........####...##.##
#.......## #...##.#
##.....## #......#
##...## ###.#### ##'##
#.# #.# #.# #.# #.#
#@# ..# #..M...... ###
#.....##.## ##....#
##.#.# ..... ###.## .#


You could see Menkaure.

Vanquished Creatures
  A scorpion (D:4)
  2 orc priests (D:3)
  A worker ant (D:4)
  3 adders
  A shadow imp (D:3)
  3 oozes
  4 worms
  3 dart slugs
  7 orcs
  2 ball pythons
  2 giant cockroaches (D:1)
  5 goblins
  6 hobgoblins
  2 jackals (D:1)
  11 kobolds
  2 quokkas
  8 bats
  3 frilled lizards
  2 quokka skeletons (D:4)
  5 rats
73 creatures vanquished.

Vanquished Creatures (others)
  7 toadstools (D:4)
7 creatures vanquished.

Grand Total: 80 creatures vanquished

Notes
Turn   | Place    | Note
-------+----------+-------------------------------------------
     0 | D:1      | KarvaRausku the Hill Orc Berserker began the quest for the
                  | Orb.
     0 | D:1      | Reached XP level 1. HP: 19/19 MP: 1/1
    98 | D:1      | Reached XP level 2. HP: 17/27 MP: 2/2
   480 | D:1      | Reached XP level 3. HP: 28/34 MP: 3/3
   712 | D:1      | Reached ** piety under Trog
   712 | D:1      | Reached skill level 5 in Axes
  1510 | D:2      | Found a bloodstained altar of Trog.
  1541 | D:2      | Reached XP level 4. HP: 37/41 MP: 4/4
  1543 | D:2      | Found an ornate altar of the Wu Jian Council.
  1679 | D:2      | Found a snail-covered altar of Cheibriados.
  1679 | D:2      | Found a bloodstained altar of Trog.
  1853 | D:2      | Reached skill level 5 in Fighting
  2327 | D:3      | Reached XP level 5. HP: 27/48 MP: 5/5
  2621 | D:3      | Found a shattered altar of Ashenzari.
  2897 | D:3      | Found a runed gate.
  2900 | D:3      | Found an opulent altar of Gozag.
  2901 | D:3      | Noticed Meegle's ghost (weakling HuSu)
  2902 | D:3      | Found a runed gate.
  2902 | D:3      | Found a runed gate.
  2954 | D:4      | Reached XP level 6. HP: 53/57 MP: 6/6
  3183 | D:4      | Reached *** piety under Trog
  3203 | D:4      | Noticed Menkaure
  3212 | D:4      | Killed from afar by Menkaure

Skill      XL: |  1  2  3  4  5 |
---------------+----------------+-----
Fighting       | 4 5 6 |  6.3
Axes           | 5 6 |  6.9
Armour         | |  2.1
Dodging        | |  1.5

Action                   |  1- 3 |  4- 6 || total
-------------------------+-------+-------++-------
Melee: Hand axe          |   149 |   166 ||   315
  Eat: Chunk             |     2 |     5 ||     7
Armor: Animal skin       |    16 |       ||    16
       Chain mail        |    25 |    81 ||   106
Dodge: Dodged            |    92 |    53 ||   145
       Deflected         |       |     1 ||     1
